 Dungeon Crawl Stone Soup version 0.28-a0-43-g560ac104fe (webtiles) character file.

Game seed: 15474029864412223469

102 Lekart the Skirmisher (level 4, -4/58 (61) HPs)
             Began as a Draconian Chaos Knight on July 28, 2021.
             Was a Plaything of Xom.
             Slain by Terence (5 damage)
             ... on level 3 of the Dungeon.
             The game lasted 00:02:51 (2461 turns).

Lekart the Skirmisher (Draconian Chaos Knight)      Turns: 2461, Time: 00:02:52

HP:   -4/58 (61)    AC:  6    Str: 15    XL:     4   Next: 50%
MP:   5/5           EV: 12    Int: 19    God:    Xom [.....*]
Gold: 45            SH:  0    Dex: 10    Spells: 2/5 levels left

rFire   . . .      SeeInvis .   a - +0 falchion (chaos)
rCold   . . .      Faith    .   (no shield)
rNeg    . . .      Spirit   .   (armour unavailable)
rPois   .          Reflect  .   (helmet restricted)
rElec   .          Harm     .   (no cloak)
rCorr   .          Rampage  .   h - +0 pair of gloves
Will    .....                   (no boots)
Stlth   ..........              (no amulet)
HPRegen 0.19/turn               c - +6 ring of intelligence
MPRegen 0.09/turn               (no ring)

@: berserking, hasted, lightly drained, very quick
A: AC +5, unfitting armour, cold-blooded
a: Renounce Religion


You were on level 3 of the Dungeon.
You worshipped Xom.
You were Xom's teddy bear.
You visited 1 branch of the dungeon, and saw 3 of its levels.

You collected 45 gold pieces.

Inventory:

Hand Weapons
 a - a +0 falchion of chaos (weapon)
Armour
 h - a +0 pair of gloves (worn)
Jewellery
 c - a +6 ring of intelligence (left hand)
 j - a +4 ring of protection
Scrolls
 b - a scroll of fog {unknown}
 f - 2 scrolls of enchant weapon {unknown}
 m - a scroll of noise {unknown}
Potions
 g - 2 potions of attraction {unknown}
 i - a potion of curing {unknown}
 k - a potion of degeneration {unknown}
 l - a potion of brilliance {unknown}


   Skills:
 * Level 4.5 Fighting
 + Level 3.9 Long Blades
 + Level 2.6 Dodging
 * Level 1.0 Spellcasting


You had 2 spell levels left.
You knew the following spells:

 Your Spells              Type           Power      Damage    Failure   Level
a - Frozen Ramparts       Ice            2%         1d2       50%         3

Your spell library contained the following spells:

 Spells                   Type           Power      Damage    Failure   Level
 Freeze                   Ice            4%         1d3       19%         1
 Hailstorm                Conj/Ice       1%         3d3       88%         4


Dungeon Overview and Level Annotations

Branches:
Dungeon (3/15)

Altars:
Xom

Shops:
D:1 *

Annotations:
D:3 Terence


Innate Abilities, Weirdness & Mutations

Your plain brown scales are hard. (AC +5)
You cannot fit into any form of body armour.
You are cold-blooded and may be slowed by cold attacks.


Message History

Terence is moderately wounded.
Terence closely misses you. Terence hits you with a +0 trident.
You are too injured to fight recklessly!
You are too injured to fight recklessly!
You are too injured to fight recklessly!
You are too injured to fight recklessly!
Casting: Frozen Ramparts (quite dangerous; 50% risk of failure)
Confirm with . or Enter, or press ? or * to list all spells.
The spell is quite dangerous to cast (50% risk of failure)!
Continue anyway?
Okay, then.
You barely miss Terence.
You tail-slap Terence, but do no damage.
Terence is moderately wounded.
Terence hits you with a +0 trident.
You hit Terence.
Terence is heavily wounded.
Terence hits you with a +0 trident.
* * * LOW HITPOINT WARNING * * *
You barely miss Terence.
Terence is heavily wounded.
Terence closely misses you.
You riposte.
You hit Terence but do no damage.
Terence is poisoned.
Terence is heavily wounded.
It was a potion of haste.
You feel yourself speed up.
Xom roars with laughter!
Terence hits you with a +0 trident.
* * * LOW HITPOINT WARNING * * *
It was a potion of berserk rage.
A red film seems to cover your vision as you go berserk!
You feel yourself moving faster!
You feel mighty! Terence hits you with a +0 trident.
* * * LOW HITPOINT WARNING * * *
You are too berserk!
Unknown command.
You closely miss Terence.
Terence is heavily wounded.
You closely miss Terence.
Terence is heavily wounded.
Terence hits you with a +0 trident.
You die...

#################.#
. ........#.# #
..........#
#######.### #.# #○#
#○# #§########
#§@@§§....
##########


You could see Terence (very poisoned).

Vanquished Creatures
  A hound skeleton (D:2)
  A gnoll (D:1)
  2 adders (D:2)
  3 worms (D:2)
  A dart slug (D:2)
  An orc (D:3)
  4 ball pythons
  4 endoplasms
  A giant cockroach (D:2)
  6 goblins
  3 hobgoblins
  4 jackals (D:1)
  7 kobolds
  2 quokkas
  2 bats (D:1)
  3 frilled lizards
  3 rats
48 creatures vanquished.

Notes
Turn   | Place    | Note
-------+----------+-------------------------------------------
     0 | D:1      | Lekart the Draconian Chaos Knight began the quest for the
                  | Orb.
     0 | D:1      | Reached XP level 1. HP: 19/19 MP: 1/1
   109 | D:1      | Found Jesi's Assorted Antiques.
   152 | D:1      | Reached XP level 2. HP: 20/27 MP: 2/2
   188 | D:1      | XOM: god gift: book of Frost
   443 | D:1      | Reached skill level 4 in Fighting
   464 | D:1      | Reached XP level 3. HP: 16/33 MP: 3/3
  1214 | D:2      | Found a shimmering altar of Xom.
  1381 | D:2      | Reached XP level 4. HP: 29/40 MP: 5/5
  1532 | D:2      | XOM: god gift: robe {god gift}
  1556 | D:2      | Reached skill level 1 in Spellcasting
  2327 | D:2      | Learned a level 3 spell: Frozen Ramparts
  2450 | D:3      | Noticed Terence
  2451 | D:3      | XOM: smoke on damage
  2459 | D:3      | HP: 1/58 [Terence (6)]
  2461 | D:3      | Slain by Terence

Illustrated notes

Levels and vault maps discovered:
D:1:      minmay_arrival_nine_rooms, layout_basic, serial_shops,
          nicolae_shop_overgrown_old_shop
D:2:      layout_loops_corners, basic_altar
D:3:      layout_basic, uniq_terence

Skill      XL: |  1  2  3  4 |
---------------+-------------+-----
Fighting       | 4 |  4.5
Spellcasting   | 1 |  1.0
Long Blades    | |  3.9
Dodging        | |  2.6

Action                   |  1- 3 |  4- 6 || total
-------------------------+-------+-------++-------
Melee: Falchion          |   111 |    46 ||   157
       Tailslap          |     9 |     5 ||    14
  Use: Potion            |       |     2 ||     2
 Stab: Paralysed         |     1 |       ||     1
Armor: Skin              |    34 |    19 ||    53
Dodge: Dodged            |    73 |    21 ||    94
       Rpst.: Falchion   |    20 |     5 ||    25

Table legend: (Time is in decaauts)
 A = Elapsed time spent in this place.
 B = Non-inter-level travel time spent in this place.
 C = Inter-level travel time spent in this place.
 D = Time resting spent in this place.
 E = Time spent auto-exploring this place.
 F = Levels seen in this place.
 G = Mean time per level.
                   A        B        C        D        E       F      G
               +--------+--------+--------+--------+--------+-----+--------+
         Total |   2485 |   2453 |     32 |    142 |   1967 |   3 |  828.3 |
       Dungeon |   2485 |   2453 |     32 |    142 |   1967 |   3 |  828.3 |
               +--------+--------+--------+--------+--------+-----+--------+

Top non-repeatable levels by time:
     D:2: 1345 daAuts
     D:1: 1023 daAuts
     D:3: 116 daAuts
